 Dungeon Crawl Stone Soup version 0.30.1-9-gdf580d7c3d (webtiles) character file.

Game seed: 1919943660230195971

17928 Eitelfritz the Severer (level 12, -4/97 HPs)
             Began as a Hill Orc Fighter on Oct 13, 2023.
             Was an Elder of Hepliaklqana.
             Slain by a minotaur
             ... wielding a +2 mace of protection
              (25 damage)
             ... in a Gauntlet.
             The game lasted 00:27:43 (9610 turns).

Eitelfritz the Severer (Hill Orc Fighter)           Turns: 9610, Time: 00:27:43

Health: -4/97      AC: 20    Str: 33    XL:     12   Next: 53%
Magic:  12/12      EV:  9    Int: 14    God:    Hepliaklqana [****..]
Gold:   538        SH:  0    Dex: 10    Spells: 11/11 levels left

rFire   + . .        a - +2 battleaxe (flame)
rCold   + . .        (shield currently unavailable)
rNeg    . . .        t - +0 plate armour
rPois   .            (no helmet)
rElec   .            q - +0 cloak
rCorr   .            k - +0 pair of gloves
SInv    .            H - +1 pair of boots
Will    .....        p - amulet of regeneration Stlth
                     m - ring of Rigor {rF+ rC+ Str+3 Int+6}
HPRegen 1.16/turn    x - +6 ring of strength
MPRegen 0.13/turn

%: no teleportation
@: mighty
A: reduced essence
a: Renounce Religion, Recall Ancestor, Ancestor Identity, Transference, Idealise


You were in a Gauntlet.
You worshipped Hepliaklqana.
Hepliaklqana was greatly pleased with you.
You visited 2 branches of the dungeon, and saw 12 of its levels.
You also visited: Gauntlet.

You collected 538 gold pieces.

Inventory:

Hand Weapons
 a - a +2 battleaxe of flaming (weapon)
 b - a +0 sling
 n - a +0 morningstar
 r - a +3 war axe of protection
Missiles
 F - 6 atropa-tipped darts (quivered)
 L - 8 curare-tipped darts
Armour
 c - a +0 buckler
 k - a +0 pair of gloves (worn)
 q - a +0 cloak (worn)
 t - a +0 plate armour (worn)
 C - a +0 troll leather armour
 H - a +1 pair of boots (worn)
Jewellery
 e - a ring of ice
 m - the ring of Rigor (left hand) {rF+ rC+ Str+3 Int+6}
   (You found it on level 9 of the Dungeon)

   [ring of intelligence]

   Str:       It affects your strength (+3).
   Int:       It affects your intelligence (+6).
   rF:        It protects you from fire.
   rC:        It protects you from cold.
 p - an amulet of regeneration (around neck)
 x - a +6 ring of strength (right hand)
 J - an amulet of faith
 K - a ring of protection from cold
 M - an amulet of magic regeneration
 Q - the ring of Wonder {Fire Fly rElec Str-2 Dex+4}
   (You found it in a Gauntlet)

   [ring of fire]

   It enhances your fire magic.
   Str:       It affects your strength (-2).
   Dex:       It affects your dexterity (+4).
   rF:        It protects you from fire.
   rC:        It makes you vulnerable to cold.
   rElec:     It insulates you from electricity.
   Fly:       It grants you flight.
Wands
 l - a wand of flame (6)
 A - a wand of mindburst (3)
 B - a wand of paralysis (3)
 I - a wand of roots (19)
Scrolls
 f - 3 scrolls of teleportation
 i - 2 scrolls of vulnerability
 y - 2 scrolls of identify
 G - a scroll of fog
 O - a scroll of blinking
Potions
 d - 4 potions of might
 g - a potion of cancellation
 j - 4 potions of brilliance
 o - a potion of lignification
 s - a potion of attraction
 u - 3 potions of curing
 v - 2 potions of ambrosia
 w - 3 potions of berserk rage
 z - a potion of magic
 D - a potion of invisibility
 E - a potion of mutation
 N - 2 potions of flight
 P - a potion of haste {unknown}


   Skills:
 + Level 10.7 Fighting
 + Level 16.1(16.2) Axes
 + Level 1.3(9.0) Maces & Flails
 + Level 1.6 Ranged Weapons
 + Level 0.6 Throwing
 + Level 11.0 Armour
 + Level 2.1 Dodging
 + Level 3.3 Stealth
 + Level 9.5 Shields


You had 11 spell levels left.
You didn't know any spells.
Your spell library contained the following spells:

 Spells                   Type           Power      Damage    Failure   Level
 Magic Dart               Conj           0%         1d3       86%         1
 Poisonous Vapours        Pois/Air       0%         N/A       94%         2
 Searing Ray              Conj           0%         2d4       94%         2
 Static Discharge         Conj/Air       0%         2-2/arc   94%         2
 Call Canine Familiar     Summ           0%         N/A       99%         3
 Gell's Gravitas          Tloc           0%         N/A       99%         3
 Mephitic Cloud           Conj/Pois/Air  0%         N/A       99%         3
 Portal Projectile        Hex/Tloc       0%         N/A       99%         3
 Teleport Other           Tloc           0%         N/A       99%         3
 Vhi's Electric Charge    Tloc/Air       0%         N/A       99%         3
 Airstrike                Air            0%         2d(0-16)  100%        4
 Fulminant Prism          Conj/Hex       0%         3d5       100%        4
 Leda's Liquefaction      Hex/Erth       0%         N/A       100%        4
 Summon Lightning Spire   Summ/Air       0%         N/A       100%        4
 Arcjolt                  Conj/Air       0%         1d10      100%        5
 Freezing Cloud           Conj/Ice/Air   0%         6-21      100%        5
 Dispersal                Tloc           0%         N/A       100%        6
 Plasma Beam              Fire/Air       0%         2x1d11    100%        6


Dungeon Overview and Level Annotations

Branches:
Dungeon (11/15)            Temple (1/1) D:7            Lair (0/5) D:8
    Orc (0/2) D:10        Gauntlet (1/1)

Altars:
Ashenzari
Cheibriados
Dithmenos
Elyvilon
Fedhas
Gozag
Hepliaklqana
Kikubaaqudgha
Makhleb
Nemelex Xobeh
Okawaru
Qazlal
Ru
Sif Muna
Trog
Uskayaw
Vehumet
Wu Jian
Xom
Yredelemnul
Zin
The Shining One

Annotations:
Gauntlet 10 transporters


Message History

Zayda casts a spell at the minotaur.
The minotaur resists with almost no effort.
You hit the minotaur but do no damage.
The minotaur hits you with a +2 mace of protection.
The minotaur gores you but does no damage.
You slash the minotaur! You burn the minotaur.
The minotaur is lightly wounded.
The minotaur hits you with a +2 mace of protection!!
* * * LOW HITPOINT WARNING * * *
The minotaur gores you!
* * * LOW HITPOINT WARNING * * *
You feel much better.
The minotaur hits you with a +2 mace of protection!
* * * LOW HITPOINT WARNING * * *
The minotaur gores you!
* * * LOW HITPOINT WARNING * * *
You feel much better.
Zayda hits the minotaur with a +0 dagger of draining.
Zayda barely misses the minotaur.
The minotaur hits you but does no damage.
The minotaur gores you but does no damage.
You feel very mighty all of a sudden.
Zayda hits the minotaur but does no damage. x2
The minotaur hits you with a +2 mace of protection.
The minotaur barely misses you.
You hit the minotaur. You burn the minotaur.
The minotaur is moderately wounded.
Zayda barely misses the minotaur.
The minotaur furiously retaliates!
The minotaur headbutts Zayda.
Zayda hits the minotaur with a +0 dagger of draining.
Zayda drains the minotaur.
The minotaur hits you with a +2 mace of protection!!
* * * LOW HITPOINT WARNING * * *
The minotaur closely misses you.
You slash the minotaur! You burn the minotaur.
The minotaur is heavily wounded.
Zayda hits the minotaur but does no damage.
Zayda hits the minotaur with a +0 dagger of draining.
The minotaur hits you with a +2 mace of protection!!
You die...

#§8≈#..#≈†
######§..#..#≈.
#...##.8.####.≈ ##
#.#R##.....©#.≈ #[
#.#....8.####.≈
##'####.#.##...#..#..
#.⌠..##...##.8.#..###
#..HR##.#.##...#≈....
+⌠..@.'.#....8.#∩....
#..⌠.##.#.##...#≈....
###+###...##.8.#..###
#.#.##...#..#s.
#.#....8.####.#
#.#.##.....©#.# #..
#.8.####.. ###
#...#..#.# #≈8≈#..#.#


You could see the friendly Zayda the hexer and a minotaur (drained, ally
target).

Vanquished Creatures
  A hydra (D:9)
  A centaur warrior (D:9)
  2 two-headed ogres
  A boulder beetle (D:11)
  A cyclops (D:11)
  An ugly thing (D:11)
  A moth of wrath (shapeshifter) (D:9)
  5 elephants (Gauntlet)
  A gargoyle (D:10)
  A torpor snail (Gauntlet)
  A rime drake (D:8)
  A kobold demonologist (D:10)
  5 trolls
  A polar bear (D:8)
  A tyrant leech (Gauntlet)
  A hornet (D:8)
  2 wraiths
  2 wyverns (D:9)
  4 yaks
  2 vampires
  A shadow (D:9)
  Menkaure (D:4)
  4 swamp worms (Gauntlet)
  A water moccasin (D:5)
  2 sky beasts
  3 orc warriors
  2 black bears
  4 ice beasts
  2 wolves (D:8)
  An ogre (D:5)
  8 centaurs
  6 kobold brigands (D:9)
  4 bullfrogs
  A gnoll sergeant (D:9)
  14 killer bees
  4 howler monkeys
  A gnoll bouda (D:5)
  5 orc priests
  5 jellies
  4 hounds
  3 iguanas (D:5)
  6 orc wizards
  12 gnolls
  5 adders
  6 shadow imps
  5 white imps
  3 ufetubi
  A worm (D:4)
  2 dart slugs
  20 orcs
  5 endoplasms
  4 giant cockroaches
  8 goblins
  4 hobgoblins
  7 kobolds
  3 quokkas
  8 ball pythons
  4 bats
  4 frilled lizards
  6 rats
224 creatures vanquished.

Vanquished Creatures (collateral kills)
  A two-headed ogre (D:9)
  A soul eater (Gauntlet)
  An elephant (Gauntlet)
  A gargoyle (D:10)
  A komodo dragon (D:11)
  A yak (D:10)
  A steam dragon (D:8)
  An ice beast (D:8)
  2 kobold brigands (D:10)
  A bullfrog (D:9)
  A wight (D:9)
  2 gnolls (D:9)
  5 kobolds
19 creatures vanquished.

Vanquished Creatures (others)
  A hexer (D:11)
  2 ancestors (D:9)
3 creatures vanquished.

Grand Total: 246 creatures vanquished

Notes
Turn   | Place    | Note
-------+----------+-------------------------------------------
     0 | D:1      | Eitelfritz the Hill Orc Fighter began the quest for the
                  | Orb.
     0 | D:1      | Reached XP level 1. HP: 19/19 MP: 1/1
   200 | D:1      | Reached XP level 2. HP: 24/27 MP: 2/2
   619 | D:1      | Reached skill level 3 in Axes
   619 | D:1      | Reached XP level 3. HP: 33/33 MP: 3/3
  1024 | D:3      | Reached XP level 4. HP: 41/41 MP: 4/4
  1139 | D:3      | Reached skill level 4 in Axes
  1453 | D:3      | Reached XP level 5. HP: 47/47 MP: 5/5
  1828 | D:4      | Reached skill level 1 in Dodging
  1897 | D:4      | Noticed Menkaure
  1898 | D:4      | Found an ornate altar of the Wu Jian Council.
  1899 | D:4      | Noticed a sky beast
  1912 | D:4      | Killed Menkaure
  1913 | D:4      | Reached skill level 5 in Fighting
  1913 | D:4      | Reached skill level 5 in Axes
  1913 | D:4      | Reached XP level 6. HP: 19/56 MP: 6/6
  1937 | D:4      | Killed a sky beast
  1938 | D:4      | Reached skill level 6 in Axes
  2001 | D:4      | Reached XP level 7. HP: 59/61 MP: 7/7
  2099 | D:4      | Found a basalt altar of Yredelemnul.
  2289 | D:4      | Reached skill level 7 in Axes
  2518 | D:5      | Entered Level 5 of the Dungeon
  2624 | D:5      | Reached skill level 1 in Ranged Weapons
  2737 | D:5      | Reached XP level 8. HP: 65/70 MP: 8/8
  2791 | D:5      | Found a stormy altar of Qazlal.
  2791 | D:5      | Found a hide-covered altar of Uskayaw.
  2800 | D:5      | Reached skill level 5 in Armour
  2813 | D:5      | Reached skill level 5 in Shields
  2815 | D:5      | Reached skill level 8 in Axes
  3803 | D:6      | Reached skill level 9 in Axes
  3845 | D:6      | Noticed a troll
  3853 | D:6      | Killed a troll
  3854 | D:6      | Reached XP level 9. HP: 52/78 MP: 9/9
  3899 | D:6      | Found a shimmering blue altar of Sif Muna.
  3900 | D:6      | Found a blossoming altar of Fedhas.
  3901 | D:6      | Found an opulent altar of Gozag.
  4204 | D:7      | Found a staircase to the Ecumenical Temple.
  4286 | Temple   | Entered the Ecumenical Temple
  4342 | Temple   | Became a worshipper of Hepliaklqana the Forgotten
  4411 | D:7      | Reached skill level 10 in Axes
  4432 | D:7      | Reached skill level 1 in Stealth
  5441 | D:8      | Noticed a rime drake
  5448 | D:8      | Noticed a polar bear
  5487 | D:8      | Killed a rime drake
  5488 | D:8      | Reached skill level 11 in Axes
  5503 | D:8      | Killed a polar bear
  5685 | D:8      | Reached XP level 10. HP: 69/86 MP: 10/10
  5722 | D:8      | Reached * piety under Hepliaklqana
  5823 | D:8      | Reached skill level 12 in Axes
  5855 | D:8      | Found a staircase to the Lair.
  6803 | D:9      | Noticed a two-headed ogre
  6810 | D:9      | Killed a two-headed ogre
  6832 | D:9      | Noticed a five-headed hydra
  6855 | D:9      | Killed a five-headed hydra
  6856 | D:9      | Reached skill level 13 in Axes
  6922 | D:9      | Identified the ring of Rigor {rF+ rC+ Str+3 Int+6}
  6934 | D:9      | Noticed an eye of devastation
  6942 | D:9      | an eye of devastation changed into a moth of wrath
  6942 | D:9      | Noticed a moth of wrath (shapeshifter)
  6947 | D:9      | Killed a moth of wrath
  6948 | D:9      | Reached skill level 1 in Maces & Flails
  6948 | D:9      | Reached XP level 11. HP: 85/85 MP: 11/11
  7011 | D:9      | Reached ** piety under Hepliaklqana
  7013 | D:9      | Found a radiant altar of Vehumet.
  7344 | D:9      | Noticed a centaur warrior
  7354 | D:9      | Killed a centaur warrior
  7401 | D:9      | Noticed a two-headed ogre
  7422 | D:9      | Killed a two-headed ogre
  7558 | D:9      | Reached skill level 14 in Axes
  7713 | D:9      | Reached *** piety under Hepliaklqana
  7883 | D:9      | Remembered your ancestor Zayda as a hexer
  7885 | D:10     | Entered Level 10 of the Dungeon
  7893 | D:10     | Noticed a soul eater
  8015 | D:10     | Found a staircase to the Orcish Mines.
  8216 | D:10     | Noticed a two-headed ogre
  8223 | D:10     | Killed a two-headed ogre
  8383 | D:10     | Reached skill level 15 in Axes
  8383 | D:10     | Reached skill level 10 in Armour
  8588 | D:11     | Noticed a cyclops
  8595 | D:11     | Killed a cyclops
  8596 | D:11     | Reached skill level 10 in Fighting
  8662 | D:11     | Reached XP level 12. HP: 34/95 MP: 12/12
  8681 | D:11     | Noticed a boulder beetle
  8699 | D:11     | Killed a boulder beetle
  8816 | D:11     | Found a gate leading to a gauntlet.
  8821 | D:11     | Reached **** piety under Hepliaklqana
  8848 | Gauntlet | Entered a Gauntlet
  8848 | Gauntlet | Found a transporter.
  8848 | Gauntlet | Found a transporter.
  8852 | Gauntlet | Found a transporter.
  8852 | Gauntlet | Found a transporter.
  8858 | Gauntlet | Noticed a death scarab
  8866 | Gauntlet | Found a transporter.
  8876 | Gauntlet | Found a transporter.
  8884 | Gauntlet | Found a transporter.
  8886 | Gauntlet | Found a transporter.
  8886 | Gauntlet | Found a transporter.
  8890 | Gauntlet | Found a transporter.
  8914 | Gauntlet | Noticed an entropy weaver
  8924 | Gauntlet | Found a transporter.
  8942 | Gauntlet | Found a transporter.
  8949 | Gauntlet | Noticed a soul eater
  8987 | Gauntlet | Found a transporter.
  9001 | Gauntlet | Found a transporter.
  9102 | Gauntlet | Found a transporter.
  9116 | Gauntlet | Found a transporter.
  9457 | Gauntlet | Killed a soul eater
  9458 | Gauntlet | Reached skill level 16 in Axes
  9574 | Gauntlet | Identified the ring of Wonder {Fire Fly rElec Str-2 Dex+4}
  9600 | Gauntlet | Noticed a minotaur
  9610 | Gauntlet | Slain by a minotaur

Illustrated notes

Levels and vault maps discovered:
D:1:      tarquinn_simple_flora_water_a, layout_loops_cross
D:2:      layout_basic
D:3:      layout_basic, skrybe_limestone_x
D:4:      layout_basic, lemuel_crystal_altar, yredelemnul_altar_generic,
          uniq_menkaure
D:5:      layout_loops_ring, mainiacjoe_overflow_large_starburst
D:6:      layout_basic, chequers_temple_overflow_statue_of_worship,
          chequers_serial_rivers_room_b
D:7:      layout_cave_pods, minmay_temple_entry_butterflies
D:8:      layout_basic, hellmonk_lair_entry_icy
D:9:      minmay_the_grid_net [minmay_the_grid_plusring,
          minmay_the_grid_outer_diamond, minmay_the_grid_aliased_spiral,
          minmay_the_grid_fan, minmay_the_grid_expand,
          minmay_the_grid_prize_diamond_cup], layout_cross, vehumet_crystals,
          minmay_increasing_density
D:10:     layout_irregular_city, orc_0_dummy
D:11:     layout_gridville, gauntlet_entry_generic, grunt_decor_resistance
Temple:   zaba_magenta_temple
Gauntlet: gammafunk_gauntlet_branching [gammafunk_gauntlet_arena_chambers,
          gammafunk_gauntlet_arena_spirals, nicolae_gauntlet_arena_t_cross,
          gammafunk_gauntlet_arena_grid, gammafunk_gauntlet_arena_split_diamond,
          gammafunk_gauntlet_arena_hedges, nicolae_gauntlet_arena_grate_2,
          nicolae_gauntlet_arena_flowing_pool, gauntlet_exit_hidden_loot]

Skill      XL: |  1  2  3  4  5  6  7  8  9 10 11 12 |
---------------+-------------------------------------+-----
Fighting       | 4 5 6 7 8 10 | 10.7
Axes           | 3 4 5 6 7 9 11 13 15 16 | 16.1
Shields        | 4 5 7 8 9 |  9.5
Dodging        | 1 2 |  2.1
Armour         | 4 6 7 9 10 11 | 11.0
Ranged Weapons | 1 |  1.6
Stealth        | 1 2 3 |  3.3
Maces & Flails | 1 |  1.3
Throwing       | |  0.6

Action                     |  1- 3 |  4- 6 |  7- 9 | 10-12 || total
---------------------------+-------+-------+-------+-------++-------
  Melee: War axe           |   100 |    86 |   314 |   247 ||   747
         Morningstar       |       |       |       |     7 ||     7
         Battleaxe         |       |       |       |   102 ||   102
   Fire: Sling             |       |    11 |     7 |       ||    18
  Throw: Dart              |       |       |       |     3 ||     3
 Invoke: Ancestor Life: He |       |       |       |     1 ||     1
    Use: Scroll            |       |     4 |    15 |     9 ||    28
         Potion            |       |       |       |     5 ||     5
   Stab: Confused          |       |       |       |     8 ||     8
         Distracted        |       |       |       |     2 ||     2
         Invisible         |       |       |       |     1 ||     1
 Armour: Scale mail        |    68 |    19 |       |       ||    87
         Chain mail        |       |    35 |    97 |       ||   132
         Plate armour      |       |       |   123 |   242 ||   365
  Dodge: Dodged            |    58 |    42 |   125 |   158 ||   383
  Block: Buckler           |    33 |    24 |   115 |    84 ||   256
